 Dungeon Crawl Stone Soup version 0.27-a0-1217-g8a41f320e8 (webtiles) character file.

Game seed: 2938074129781472075

3303 Froggeryz the Cleaver (level 9, -12/73 HPs)
             Began as a Palentonga Gladiator on June 6, 2021.
             Was a Follower of Okawaru.
             Killed from afar by a gargoyle (20 damage)
             ... with a stone arrow
             ... on level 8 of the Dungeon.
             The game lasted 00:06:32 (6535 turns).

Froggeryz the Cleaver (Palentonga Gladiator)        Turns: 6535, Time: 00:06:33

Health: -12/73     AC: 17    Str: 20    XL:     9   Next: 70%
Magic:  10/10      EV:  8    Int:  9    God:    Okawaru [*.....]
Gold:   468        SH:  0    Dex: 12    Spells: 8/8 levels left

rFire    . . .     SeeInvis +   a - +1 war axe
rCold    . . .     Faith    .   (no shield)
rNeg     . . .     Spirit   .   i - +1 scale mail
rPois    +         Reflect  .   c - +0 helmet
rElec    .         Harm     .   (no cloak)
rCorr    .         Rampage  .   b - +0 pair of gloves
Will     +....                  (no barding)
Stlth    ..........             r - amulet of regeneration
HPRegen  1.22/turn              e - ring of willpower
MPRegen  0.12/turn              t - ring of poison resistance

@: curled up
A: large, rugged brown scales 3, see invisible, deformed body, roll 1, armoured
tail, reflexive curl
a: Rolling Charge, Renounce Religion, Heroism


You were on level 8 of the Dungeon.
You worshipped Okawaru.
Okawaru was aware of your devotion.
You visited 2 branches of the dungeon, and saw 9 of its levels.

You collected 468 gold pieces.

Inventory:

Hand Weapons
 a - a +1 war axe (weapon)
Missiles
 d - 3 throwing nets (quivered)
 h - 9 javelins
 n - 7 boomerangs
 v - a curare-tipped dart
Armour
 b - a +0 pair of gloves (worn)
 c - a +0 helmet (worn)
 i - a +1 scale mail (worn)
Jewellery
 e - a ring of willpower (left hand)
 r - an amulet of regeneration (around neck)
 t - a ring of poison resistance (right hand)
Wands
 w - a wand of polymorph (11)
 x - a wand of iceblast (11)
 y - a wand of mindburst (19)
 B - a wand of flame (18)
Scrolls
 j - 2 scrolls of magic mapping
 k - 2 scrolls of blinking
 l - 4 scrolls of teleportation
 m - a scroll of enchant weapon
 p - 2 scrolls of fear
 s - a scroll of immolation
 z - 2 scrolls of fog
Potions
 f - a potion of degeneration
 g - 5 potions of curing
 o - 2 potions of ambrosia
 q - a potion of magic
 u - a potion of mutation
 A - a potion of haste


   Skills:
 - Level 6.1 Fighting
 * Level 11.7 Axes
 - Level 1.3 Throwing
 - Level 3.1 Armour
 - Level 2.4 Dodging
 + Level 2.5 Invocations


You had 8 spell levels left.
You didn't know any spells.
Your spell library contained the following spells:

 Spells                   Type           Power      Damage    Failure   Level
 Corona                   Hex            0%         N/A       75%         1
 Ensorcelled Hibernation  Hex/Ice        0%         N/A       86%         2
 Confusing Touch          Hex            0%         N/A       98%         3
 Dazzling Flash           Conj/Hex       0%         N/A       98%         3
 Tukima's Dance           Hex            0%         N/A       98%         3
 Cause Fear               Hex            0%         N/A       100%        4
 Silence                  Hex/Air        0%         N/A       100%        5
 Yara's Violent Unravell  Hex/Tmut       0%         3d3       100%        5
 Discord                  Hex            0%         N/A       100%        8


Dungeon Overview and Level Annotations

Branches:
Dungeon (8/15)             Temple (1/1) D:6            Lair (0/6) D:8

Altars:
Cheibriados
Dithmenos
Elyvilon
Fedhas
Gozag
Hepliaklqana
Kikubaaqudgha
Nemelex Xobeh
Okawaru
Qazlal
Sif Muna
Trog
Uskayaw
Vehumet
Wu Jian
Yredelemnul
Zin
The Shining One

Shops:
D:8 (

Annotations:
D:5 1 runed translucent door, Ijustatesigmund's ghost, novice DsFi
D:6 3 runed translucent doors, PigKeeper's ghost, novice HuWr
D:7 2 transporters


Innate Abilities, Weirdness & Mutations

You are completely covered in rugged brown scales. (AC +3, +7% HP)
You have supernaturally acute eyesight. (SInv)
Armour fits poorly on your strangely shaped body.
You can roll at nearby foes to attack.
You have a long armoured tail.
You curl defensively after being hit.


Message History

Okawaru accepts your kill.
You start resting.
You are no longer corroded.
You start resting.
HP restored.
You now have 459 gold pieces (gained 17).
You now have 468 gold pieces (gained 9).
A gargoyle comes into view. It is wielding a +2 vorpal flail.
The gargoyle hurls a stone arrow at you.
The stone arrow hits you!
Found a wand of polymorph (11).
A gargoyle is nearby!
Roll where?
Press: ? - help, Dir - move target, f - gargoyle
Aim: a gargoyle, wielding a +2 vorpal flail You roll forward with a clatter of scales!
You hit the gargoyle but do no damage.
The gargoyle hurls a stone arrow at you.
The stone arrow hits you!
You hit the gargoyle but do no damage.
The gargoyle hurls a stone arrow at you.
The stone arrow hits you!
You hit the gargoyle but do no damage.
The gargoyle hits you with a +2 vorpal flail.
You are too injured to fight recklessly!
Okay, then.
You slash the gargoyle!
The gargoyle is heavily damaged.
The gargoyle hurls a stone arrow at you.
The stone arrow hits you.
You slash the gargoyle!
You tail-slap the gargoyle, but do no damage.
The gargoyle is severely damaged.
The gargoyle hits you with a +2 vorpal flail!!
* * * LOW HITPOINT WARNING * * *
x2 You barely miss the gargoyle.
The gargoyle is severely damaged.
The gargoyle hurls a stone arrow at you.
The stone arrow hits you!!
You die...

### #####
#./###.... #####
#9.#..# .
....###@..## ..
#..#..#..#..# ##
##...###...#
...#..#..#..#..#
....###...## ..
#..#..#..#..#..#
## ##...###...#
#.#..#..#..#..#.
#..###...## ..


You could see a gargoyle.

Vanquished Creatures
  Joseph (D:7)
  A shadow (D:7)
  Menkaure (D:4)
  An acid dragon (D:8)
  An orc warrior (D:7)
  3 sky beasts
  A black bear (D:5)
  2 ice beasts
  2 necrophages (D:6)
  An ogre (D:4)
  3 centaurs
  A phantom (D:5)
  A kobold brigand (D:7)
  2 scorpions
  A water moccasin skeleton (D:5)
  3 howler monkeys
  2 bullfrog zombies
  2 centaur zombies (D:7)
  3 jellies
  3 orc priests
  2 centaur skeletons
  A gnoll shaman (D:5)
  4 hounds
  7 iguanas
  4 orc wizards
  Terence (D:3)
  A hound skeleton (D:5)
  A howler monkey zombie (D:7)
  3 gnolls
  7 adders
  2 shadow imps (D:5)
  3 white imps
  A worm (D:2)
  3 dart slugs
  12 orcs
  6 ball pythons
  5 endoplasms
  2 giant cockroaches
  4 goblins
  4 hobgoblins
  11 jackals
  A quokka (D:2)
  3 bats
  2 frilled lizards
  12 kobolds
  A rat (D:1)
138 creatures vanquished.

Notes
Turn   | Place    | Note
-------+----------+-------------------------------------------
     0 | D:1      | Froggeryz the Palentonga Gladiator began the quest for the
                  | Orb.
     0 | D:1      | Reached XP level 1. HP: 17/17 MP: 1/1
   189 | D:1      | Found a faded altar of an unknown god.
   457 | D:1      | Reached XP level 2. HP: 21/23 MP: 2/2
  1161 | D:2      | Reached skill level 4 in Axes
  1193 | D:2      | Reached XP level 3. HP: 28/28 MP: 3/3
  1835 | D:2      | Reached skill level 5 in Axes
  1835 | D:2      | Reached XP level 4. HP: 35/35 MP: 4/4
  2429 | D:3      | Noticed Terence
  2437 | D:3      | Killed Terence
  3007 | D:4      | Noticed Menkaure
  3035 | D:4      | Killed Menkaure
  3036 | D:4      | Reached skill level 6 in Axes
  3036 | D:4      | Reached skill level 1 in Armour
  3036 | D:4      | Reached XP level 5. HP: 21/40 MP: 5/5
  3368 | D:4      | Found a basalt altar of Yredelemnul.
  3369 | D:4      | Found a shadowy altar of Dithmenos.
  3585 | D:4      | Reached XP level 6. HP: 24/47 MP: 6/6
  3699 | D:5      | Entered Level 5 of the Dungeon
  3737 | D:5      | Reached skill level 7 in Axes
  3744 | D:5      | Gained mutation: You curl defensively after being hit.
                  | [Palentonga growth]
  3744 | D:5      | Reached XP level 7. HP: 22/53 MP: 7/7
  3988 | D:5      | Found a runed translucent door.
  4008 | D:5      | Reached skill level 8 in Axes
  4380 | D:5      | Reached XP level 8. HP: 61/62 MP: 8/8
  4504 | D:5      | Noticed Ijustatesigmund's ghost (novice DsFi)
  4517 | D:5      | Found a sparkling altar of Nemelex Xobeh.
  4517 | D:5      | Found an opulent altar of Gozag.
  4522 | D:5      | Reached skill level 9 in Axes
  4582 | D:5      | Noticed a troll
  4801 | D:5      | Found a blossoming altar of Fedhas.
  4894 | D:6      | Found a runed translucent gate.
  4895 | D:6      | Found a runed translucent gate.
  4895 | D:6      | Noticed PigKeeper's ghost (novice HuWr)
  4896 | D:6      | Found a runed translucent gate.
  4960 | D:6      | Reached skill level 10 in Axes
  5015 | D:6      | Found a staircase to the Ecumenical Temple.
  5075 | D:6      | Reached skill level 5 in Fighting
  5251 | D:6      | Reached XP level 9. HP: 72/72 MP: 9/9
  5646 | Temple   | Entered the Ecumenical Temple
  5696 | Temple   | Became a worshipper of Warmaster Okawaru
  5756 | D:7      | Noticed Joseph
  5772 | D:7      | Killed Joseph
  5775 | D:7      | Reached skill level 11 in Axes
  5963 | D:7      | Reached * piety under Okawaru
  6005 | D:7      | Reached skill level 1 in Invocations
  6056 | D:7      | Noticed a gargoyle
  6058 | D:7      | Noticed a manticore
  6076 | D:7      | Found a transporter.
  6097 | D:7      | Found a transporter.
  6369 | D:8      | Found Hoxtiaho's Weapon Shoppe.
  6385 | D:8      | Found a staircase to the Lair.
  6529 | D:8      | Noticed a gargoyle
  6535 | D:8      | Killed from afar by a gargoyle

Illustrated notes

Levels and vault maps discovered:
D:1:      evilmike_arrival_rings, layout_basic,
          ebering_ecumenical_altar_petrified, nrook_mini_backslash,
          minmay_misc_feat_rows, kennysheep_small_spiral
D:2:      layout_loops_cross
D:3:      layout_rooms, serial_corexii_hall, corexii_hall_statues_i,
          corexii_hall_statues_i, uniq_terence
D:4:      layout_basic, gammafunk_temple_overflow_statue, uniq_menkaure
D:5:      layout_loops_ring, grunt_temple_overflow_opulence, kennysheep_mini,
          ebering_ghost_inner_flame, minmay_joined_circles
D:6:      minmay_recursive_quarters, layout_loops_cross,
          minmay_temple_entry_wispy, gammafunk_ghost_nasty_kobolds,
          chequers_serial_rivers_small_3
D:7:      gammafunk_the_bubble [the_bubble_gammafunk_grid], layout_gridville,
          minmay_strange_pillars, minmay_liquid_box, hex_tiny, uniq_joseph
D:8:      layout_basic, ashenzari_conservatory_becter, lair_entry_dummy,
          serial_glass, glass_columns_b, glass_columns_a, serial_shops,
          shop_statue, kennysheep_doodads, minivault_19
Temple:   nicolae_temple_god_jail

Skill      XL: |  1  2  3  4  5  6  7  8  9 |
---------------+----------------------------+-----
Axes           | 4 5 6 7 8 10 11 | 11.7
Armour         | 1 2 3 |  3.1
Fighting       | 3 5 6 |  6.1
Invocations    | 2 |  2.5
Throwing       | |  1.3
Dodging        | |  2.4

Action                   |  1- 3 |  4- 6 |  7- 9 || total
-------------------------+-------+-------+-------++-------
Melee: War axe           |    85 |   114 |   297 ||   496
       Tailslap          |     8 |    12 |    36 ||    56
 Abil: Rolling Charge    |       |       |     4 ||     4
  Use: Scroll            |     2 |     6 |     5 ||    13
       Potion            |       |       |     6 ||     6
Armor: Leather armour    |    10 |       |       ||    10
       Scale mail        |    36 |    84 |   192 ||   312
Dodge: Dodged            |    51 |    43 |   145 ||   239

Table legend: (Time is in decaauts)
 A = Elapsed time spent in this place.
 B = Non-inter-level travel time spent in this place.
 C = Inter-level travel time spent in this place.
 D = Time resting spent in this place.
 E = Time spent auto-exploring this place.
 F = Levels seen in this place.
 G = Mean time per level.
                   A        B        C        D        E       F      G
               +--------+--------+--------+--------+--------+-----+--------+
         Total |   6592 |   6284 |    308 |    175 |   5000 |   9 |  732.4 |
       Dungeon |   6532 |   6242 |    290 |    175 |   4961 |   8 |  816.5 |
        Temple |     59 |     41 |     18 |      0 |     39 |   1 |   59.0 |
               +--------+--------+--------+--------+--------+-----+--------+

Top non-repeatable levels by time:
     D:2: 1144 daAuts
     D:5: 1122 daAuts
     D:1: 946 daAuts
     D:3: 909 daAuts
     D:6: 847 daAuts
     D:4: 790 daAuts
     D:7: 597 daAuts
     D:8: 173 daAuts
  Temple: 59 daAuts
